 Dungeon Crawl Stone Soup version 0.27.1 (webtiles) character file.

Game seed: 6923384491749189916

172 MajorAdolf the Skirmisher (level 5, 0/51 HPs)
             Began as a Naga Wanderer on Sept 2, 2021.
             Splashed by a jelly's acid (7 damage)
             ... on level 3 of the Dungeon.
             The game lasted 00:04:41 (3381 turns).

MajorAdolf the Skirmisher (Naga Wanderer)           Turns: 3381, Time: 00:04:42

Health: 0/51       AC:  0    Str: 16    XL:     5   Next: 52%
Magic:  5/5        EV:  7    Int: 13    God:
Gold:   181        SH:  4    Dex:  9    Spells: 4/4 levels left

rFire    . . .     SeeInvis +   e - +0 short sword
rCold    . . .     Faith    .   c - +0 buckler
rNeg     . . .     Spirit   .   b - +2 scale mail
rPois    +         Reflect  .   (no helmet)
rElec    .         Harm     .   (no cloak)
rCorr    .         Rampage  .   (no gloves)
Will     .....                  (no barding)
Stlth    ..........             (no amulet)
HPRegen  0.17/turn              (no ring)
MPRegen  0.09/turn              (no ring)

@: short of breath, corroded, very slow
A: AC +1, large, see invisible, deformed body, poison resistance, slowness 2,
spit poison 1, naga tail 1
a: Spit Poison


You were on level 3 of the Dungeon.
You visited 1 branch of the dungeon, and saw 3 of its levels.

You collected 181 gold pieces.

Inventory:

Hand Weapons
 a - a +0 mace
 e - a +0 short sword (weapon)
Armour
 b - a +2 scale mail (worn)
 c - a +0 buckler (worn)
Scrolls
 g - a scroll of torment {unknown}
 h - a scroll of brand weapon {unknown}
 i - 5 scrolls of fog {unknown}
 k - a scroll of identify {unknown}
 l - 2 scrolls of teleportation {unknown}
 m - a scroll of enchant armour {unknown}
Potions
 d - 2 potions of curing {unknown}
 f - 2 potions of haste {unknown}
 j - a potion of brilliance {unknown}
 n - a potion of invisibility {unknown}


   Skills:
 + Level 4.7 Fighting
 - Level 1.0 Staves
 - Level 1.0 Crossbows
 + Level 2.6 Armour
 + Level 1.9 Dodging
 - Level 1.5 Stealth
 + Level 2.2 Shields


You had 4 spell levels left.
You didn't know any spells.
Your spell library contained the following spells:

 Spells                   Type           Power      Damage    Failure   Level
 Shock                    Conj/Air       0%         1d3       75%         1
 Swiftness                Air            0%         N/A       98%         3
 Airstrike                Air            0%         N/A       100%        4


Dungeon Overview and Level Annotations

Branches:
Dungeon (3/15)

Altars:

Shops:
D:3 :


Innate Abilities, Weirdness & Mutations

Your serpentine skin is tough. (AC +1)
You have supernaturally acute eyesight. (SInv)
Armour fits poorly on your strangely shaped body.
Your system is resistant to poisons. (rPois)
You cover ground very slowly.
You can spit poison.
You have a snake-like lower body.


Message History

The jelly is heavily wounded.
The jelly hits you but does no damage.
You hit the jelly.
Your hands burn!
The jelly is heavily wounded.
You have got your breath back.
The jelly hits you.
You are splashed with acid.
You hit the jelly but do no damage.
Your hands burn!
The jelly is heavily wounded.
The jelly barely misses you.
You hit the jelly.
Your hands burn!
The jelly is severely wounded.
The jelly hits you.
You are splashed with acid!
You hit the jelly.
Your hands burn!
The jelly is severely wounded.
The jelly hits you but does no damage. x2
You hit the jelly but do no damage.
Your hands burn!
The jelly is severely wounded.
The jelly barely misses you.
You hit the jelly but do no damage. The acid corrodes you!
Your hands burn!
The jelly is severely wounded.
The jelly hits you but does no damage.
Press: ? - help, Shift-Dir - straight line, f/p - jelly
Aim: a jelly (severely wounded)
The splash of poison hits the jelly.
The jelly is almost dead.
The jelly hits you.
* * * LOW HITPOINT WARNING * * *
The acid corrodes you!
You are splashed with acid.
* * * LOW HITPOINT WARNING * * *
You hit the jelly.
Your hands burn!
* * * LOW HITPOINT WARNING * * *
The jelly is almost dead.
The jelly completely misses you.
You hit the jelly.
Your hands burn!
* * * LOW HITPOINT WARNING * * *
The jelly is almost dead.
The jelly hits you.
* * * LOW HITPOINT WARNING * * *
You are splashed with acid!
You die...

##########
#.@J......
###
##.####...#
##.###...##
.
##...#.....#
#..........#
##...#.....#
#
##.###...##
.# #.#######
#.## #.##.##
#..(#


You could see a jelly.

Vanquished Creatures
  Jessica (D:2)
  Natasha (thrice) (D:2)
  3 adders (D:2)
  2 dart slugs
  3 endoplasms
  A giant cockroach (D:1)
  4 goblins
  6 hobgoblins
  3 jackals (D:2)
  A quokka (D:2)
  5 ball pythons
  4 bats
  A frilled lizard (D:1)
  9 kobolds
  2 rats (D:2)
48 creatures vanquished.

Notes
Turn   | Place    | Note
-------+----------+-------------------------------------------
     0 | D:1      | MajorAdolf the Naga Wanderer began the quest for the Orb.
     0 | D:1      | MajorAdolf set off with the following items: a +0 mace, a
                  | +2 scale mail, a +0 buckler
     0 | D:1      | Reached XP level 1. HP: 22/22 MP: 1/1
   320 | D:1      | Reached XP level 2. HP: 23/30 MP: 2/2
   973 | D:2      | Noticed Natasha
   987 | D:2      | Killed Natasha
   988 | D:2      | Reached skill level 1 in Dodging
   988 | D:2      | Reached XP level 3. HP: 5/36 MP: 3/3
  1570 | D:2      | Reached XP level 4. HP: 39/45 MP: 4/4
  1591 | D:2      | Noticed Natasha
  1632 | D:2      | Killed Natasha
  1875 | D:2      | Noticed Natasha
  1879 | D:2      | Killed Natasha
  2073 | D:2      | Reached XP level 5. HP: 50/51 MP: 5/5
  2156 | D:2      | Noticed Jessica
  2161 | D:2      | Killed Jessica
  2385 | D:2      | Found a faded altar of an unknown god.
  3245 | D:3      | Found Lataru's Book Shoppe.
  3381 | D:3      | Splashed by a jelly's acid

Illustrated notes

Levels and vault maps discovered:
D:1:      giann_wishing_wells, layout_loops_ring
D:2:      layout_basic, ebering_ecumenical_altar_rust, minmay_heptomino_h4,
          uniq_natasha, uniq_jessica
D:3:      layout_loops_corners, serial_shops, shop, eino_curves_04

Skill      XL: |  1  2  3  4 |
---------------+-------------+-----
Armour         | 2 |  2.6
Dodging        | 1 |  1.9
Shields        | 2 |  2.2
Fighting       | |  4.7
Staves         | |  1.0
Crossbows      | |  1.0
Stealth        | |  1.5

Action                   |  1- 3 |  4- 6 || total
-------------------------+-------+-------++-------
Melee: Short sword       |    35 |   138 ||   173
       Mace              |     2 |       ||     2
 Abil: Spit Poison       |    11 |    11 ||    22
Armor: Scale mail        |    20 |    87 ||   107
Dodge: Dodged            |    15 |    56 ||    71
Block: Buckler           |     3 |    16 ||    19
